AoeStats
← 小沁

Socotra

506421471Analyzed
2v2 RM · 17d ago on Sep 13, 2026· 29m 53s· 4 players
Game mode
Random Map
Map size
Tiny (2 player)
Population
200
Speed
Normal
Resources
Standard
Victory
Conquest
Starting age
Dark Age
Ending age
Imperial Age
RankedLock teamsTeams togetherTeam positionsShared explorationLock speedFull tech treeHidden civsTurbo modeCheats
Victory
Defeat
🇪🇸 Maya · Spain
1083
+17
🇪🇸 Franks · Spain
1045
+19
🇰🇿 Ethiopians · Kazakhstan
1117
-18
🇹🇼 Portuguese · Taiwan
1109
-18
小沁
10:54 Feudal Age
11:49 Double-Bit Axe
13:02 Loom
19:06 Castle Age
19:19 Crossbowman
20:08 Fletching
22:28 Pikeman
27:49 Redemption
Samuraika01
12:22 Feudal Age
19:07 Padded Archer Armor
21:54 Loom
22:23 Fletching
25:35 Double-Bit Axe
25:36 Horse Collar
VeX
10:39 Feudal Age
8:54 Loom
12:03 Double-Bit Axe
20:37 Castle Age
19:34 Gold Mining
20:33 Scale Barding Armor
20:39 Forging
21:23 Husbandry
26:28 Bow Saw
26:58 Gold Shaft Mining
27:10 Iron Casting
27:49 Chain Barding Armor
29:23 Wheelbarrow
xKuesT
0:32 Loom
11:15 Feudal Age
12:09 Double-Bit Axe
12:28 Gold Mining
14:40 Fletching
21:57 Castle Age
22:50 Wheelbarrow
22:04 Crossbowman
22:50 Bodkin Arrow
26:42 Bow Saw
27:41 Horse Collar
Connection lost

Rejoining the realm…

Still unreachable

The connection could not be restored.

Session expired

The server has moved on; the page needs a fresh start.